 Dungeon Crawl Stone Soup version 0.19.4-8-ga85b6b9 (webtiles) character file.

72 Kosschaser the Slasher (level 4, -7/51 HPs)
             Began as a Demonspawn Gladiator on Feb 10, 2017.
             Killed from afar by BlackRum's ghost (9 damage)
             ... with a puff of flame
             ... on level 4 of the Dungeon.
             The game lasted 00:14:47 (2518 turns).

Kosschaser the Slasher (Demonspawn Gladiator)       Turns: 2518, Time: 00:14:48

Health: -7/51      AC: 22    Str: 22    XL:     4   Next: 7%
Magic:  4/4        EV:  2    Int:  9    God:
Gold:   99         SH:  0    Dex: 13    Spells: 0 memorised, 3 levels left

rFire  . . .     SeeInvis .     a - +0 long sword
rCold  . . .     Gourm    .     (armour currently unavailable)
rNeg   + + +     Faith    .     (no shield)
rPois  +         Spirit   .     (helmet currently unavailable)
rElec  .         Reflect  .     (cloak currently unavailable)
rCorr  .         Harm     .     (gloves currently unavailable)
MR     .....     NoTele   +     (boots currently unavailable)
Stlth  +.........               (no amulet)
                                (no ring)
                                (no ring)

@: mighty, lethally poisoned (-7 -> -9), tree-form
A: (antennae 0)
a: no special abilities


You were on level 4 of the Dungeon.
You were not hungry.
You were a tree.
You visited 1 branch of the dungeon, and saw 6 of its levels.

You collected 99 gold pieces.

Inventory:

Hand Weapons
 a - a +0 long sword (weapon)
Missiles
 d - 3 throwing nets (quivered)
Armour
 b - a +0 leather armour (melded)
 c - a +0 helmet
Jewellery
 h - an uncursed ring of wizardry {unknown}
Scrolls
 e - 2 scrolls of blinking
 k - 3 scrolls of remove curse {unknown}
 m - a scroll of enchant weapon {unknown}
 n - a scroll of amnesia {unknown}
 p - a scroll of teleportation {unknown}
Potions
 g - a potion of agility
Comestibles
 f - 2 bread rations
 j - a meat ration
 o - a beef jerky


   Skills:
 + Level 2.3 Fighting
 + Level 3.3 Long Blades
 - Level 1.7 Throwing
 * Level 1.7 Armour
 + Level 3.1 Dodging


You had 3 spell levels left.
You didn't know any spells.

Dungeon Overview and Level Annotations

Branches:
Dungeon (6/15)
 Temple: D:4-7

Altars:
The Shining One

Annotations:
D:4 BlackRum's ghost, amateur DsFE


Innate Abilities, Weirdness & Mutations

((You have a pair of antennae on your head.))


Message History

* * * LOW HITPOINT WARNING * * *
BlackRum's ghost hits you but does no damage.
You feel sick.
The worker ant bites you but does no damage.
BlackRum's ghost hits you but does no damage.
The worker ant bites you.
* * * LOW HITPOINT WARNING * * *
BlackRum's ghost whispers, "There is no future for you."
BlackRum's ghost hits you but does no damage.
The worker ant bites you but does no damage.
BlackRum's ghost hits you but does no damage.
The worker ant bites you but does no damage.
You feel sick. The worker ant bites you.
* * * LOW HITPOINT WARNING * * *
BlackRum's ghost hits you but does no damage.
The worker ant bites you.
* * * LOW HITPOINT WARNING * * *
BlackRum's ghost points at you and mumbles some strange words.
Helpless, you fail to dodge the puff of flame.
You die...

. ##.# ....#
#.#####.....#
#...W♣a..>...
##.####....##
.. ##.# ##


You could see a worker ant and BlackRum's ghost.

Vanquished Creatures
  3 adders (D:2)
  A worm (D:2)
  A dart slug (D:1)
  6 bats
  2 giant cockroaches (D:2)
  5 goblins
  3 hobgoblins (D:1)
  7 jackals
  A ball python (D:1)
  5 kobolds (D:1)
  4 rats
38 creatures vanquished.

Vanquished Creatures (others)
  A hobgoblin (D:2)
1 creature vanquished.

Grand Total: 39 creatures vanquished

Notes
Turn   | Place    | Note
-------+----------+-------------------------------------------
     0 | D:1      | Kosschaser the Demonspawn Gladiator began the quest for the Orb.
     0 | D:1      | Reached XP level 1. HP: 16/16 MP: 1/1
   232 | D:1      | Gained mutation: You have a pair of small antennae on your head. [demonic ancestry]
   232 | D:1      | Reached XP level 2. HP: 22/22 MP: 2/2
  1077 | D:1      | Gained mutation: You have a pair of antennae on your head. [demonic ancestry]
  1077 | D:1      | Reached XP level 3. HP: 25/27 MP: 3/3
  1104 | D:2      | Found a glowing golden altar of the Shining One.
  1155 | D:2      | Reached skill level 1 in Armour
  2171 | D:2      | Reached XP level 4. HP: 24/34 MP: 4/4
  2469 | D:3      | You fall through a shaft for 3 floors!
  2484 | D:5      | Entered Level 5 of the Dungeon
  2502 | D:4      | HP: 2/51 [poisoned by a worker ant]
  2507 | D:4      | Noticed BlackRum's ghost (amateur DsFE)
  2518 | D:4      | HP: 2/51 [worker ant (1)]
  2518 | D:4      | Killed from afar by BlackRum's ghost

Skill      XL: |  1  2  3 |
---------------+----------+-----
Dodging        | 3 |  3.1
Long Blades    | 3 |  3.3
Armour         | 1 |  1.7
Fighting       | |  2.3
Throwing       | |  1.7

Action                   |  1- 3 |  4- 6 || total
-------------------------+-------+-------++-------
Melee: Long sword        |   104 |    14 ||   118
  Use: Scroll            |     2 |       ||     2
       Potion            |       |     3 ||     3
 Stab: Sleeping          |     1 |     1 ||     2
  Eat: Bread ration      |     1 |       ||     1
       Pizza             |     1 |       ||     1
Armor: Leather armour    |    26 |     3 ||    29
       Skin              |       |    19 ||    19
Dodge: Dodged            |    98 |    11 ||   109
       Rpst.: Long sword |    34 |     4 ||    38
